 Dungeon Crawl Stone Soup version 0.26-a0-774-g1415c89e12 (webtiles) character file.

Game seed: 7090191052133667865

57 Forecaster the Stinger (level 4, -4/36 HPs)
             Began as a Naga Venom Mage on Nov 9, 2020.
             Slain by an orc
             ... wielding a +0 flail
              (7 damage)
             ... on level 3 of the Dungeon.
             The game lasted 00:04:50 (2368 turns).

Forecaster the Stinger (Naga Venom Mage)            Turns: 2368, Time: 00:04:52

Health: -4/36      AC:  2    Str: 10    XL:     4   Next: 0%
Magic:  0/8        EV: 10    Int: 16    God:
Gold:   107        SH:  0    Dex: 12    Spells: 5/8 levels left

rFire    . . .     SeeInvis +   i - +1 short sword (elec)
rCold    . . .     Faith    .   (no shield)
rNeg     . . .     Spirit   .   a - +0 robe
rPois    +         Reflect  .   (no helmet)
rElec    .         Harm     .   (no cloak)
rCorr    .         Rampage  .   (no gloves)
MR       .....                  (no barding)
Stlth    ++........             (no amulet)
HPRegen  0.12/turn              (no ring)
MPRegen  0.11/turn              (no ring)

@: very slow
A: large, see invisible, deformed body, poison resistance, slowness 2, spit
poison 1, AC +1
a: Spit Poison


You were on level 3 of the Dungeon.
You visited 1 branch of the dungeon, and saw 3 of its levels.

You collected 107 gold pieces.

Inventory:

Hand Weapons
 e - a +0 dagger
 i - a +1 short sword of electrocution (weapon)
Missiles
 d - 7 poisoned darts (quivered)
Armour
 a - a +0 robe (worn)
Scrolls
 b - 5 scrolls of identify {unknown}
 c - a scroll of magic mapping {unknown}
 f - 2 scrolls of immolation {unknown}
 j - 2 scrolls of teleportation {unknown}
 m - a scroll of enchant weapon {unknown}
Potions
 g - 2 potions of curing {unknown}
 h - a potion of attraction {unknown}
 k - a potion of flight {unknown}
 l - a potion of might {unknown}


   Skills:
 + Level 0.2 Short Blades
 + Level 1.6 Dodging
 + Level 3.1 Stealth
 + Level 2.7 Spellcasting
 + Level 1.2 Transmutations
 + Level 1.4 Air Magic
 + Level 4.7 Poison Magic


You had 5 spell levels left.
You knew the following spells:

 Your Spells              Type           Power        Failure   Level
a - Sting                 Tmut/Pois      ##..         5%          1
b - Poisonous Vapours     Pois/Air       ##....       9%          2

Your spell library contained the following spells:

 Spells                   Type           Power        Failure   Level
 Mephitic Cloud           Conj/Pois/Air  #.......     24%         3
 Ignite Poison            Fire/Tmut/Pois #.......     26%         3
 Olgreb's Toxic Radiance  Pois           ###.....     26%         4


Dungeon Overview and Level Annotations

Branches:
Dungeon (3/15)

Altars:


Innate Abilities, Weirdness & Mutations

You cannot wear boots.
Your serpentine skin is tough. (AC +1)
You have supernaturally acute eyesight. (SInv)
Armour fits poorly on your strangely shaped body.
Your system is resistant to poisons. (rPois)
You cover ground very slowly.
You can spit poison.


Message History

The quokka barely misses you.
You closely miss the quokka.
The quokka is almost dead.
The orc hits you with a +0 flail! The quokka bites you.
The orc hits you but does no damage.
You barely miss the quokka.
The quokka is almost dead.
The quokka bites you. The orc hits you with a +0 flail!
* * * LOW HITPOINT WARNING * * *
The orc hits you with a +0 short sword.
* * * LOW HITPOINT WARNING * * *
Casting: Poisonous Vapours (safe; 9% risk of failure)
Confirm with . or Enter, or press ? or * to list all spells.
Press: ? - help, Dir - move target cursor, f - orc
Aim: an orc, wielding a +0 flail and wearing a +0 leather armour Poisonous vapours surround the orc!
The quokka bites you.
* * * LOW HITPOINT WARNING * * *
The orc is engulfed in poison gas.
The orc is poisoned.
The orc hits you with a +0 flail!
You die...

#.# #.# #.# #.# #.
#.# .########.#
..#.......#
#$#.......# ..
#.#.wr@...# ...
#.#..oo†..###
....###.............
...w...........†####
#.).......)..(....#
#......†...^....#...
#...................
#..........##+#.###.
##########.# .#


You could see a dart slug, 2 orcs and a quokka.

Vanquished Creatures
  2 adders
  A worm (D:2)
  A leopard gecko (D:3)
  2 orcs (D:3)
  2 ball pythons (D:1)
  7 bats
  A giant cockroach (D:1)
  4 goblins
  A hobgoblin (D:2)
  A quokka (D:2)
  A frilled lizard (D:2)
  4 kobolds
  7 rats
34 creatures vanquished.

Notes
Turn   | Place    | Note
-------+----------+-------------------------------------------
     0 | D:1      | Forecaster the Naga Venom Mage began the quest for the Orb.
     0 | D:1      | Reached XP level 1. HP: 15/15 MP: 3/3
    99 | D:1      | Reached XP level 2. HP: 16/22 MP: 1/5
   110 | D:1      | Learned a level 2 spell: Poisonous Vapours
  1386 | D:2      | Reached XP level 3. HP: 24/28 MP: 1/6
  2149 | D:3      | Reached skill level 1 in Air Magic
  2353 | D:3      | Reached XP level 4. HP: 36/36 MP: 0/8
  2368 | D:3      | Slain by an orc

Illustrated notes

Levels and vault maps discovered:
D:1:      lightli_arrival_noodles, layout_basic
D:2:      layout_basic, hangedman_glass_teeth
D:3:      layout_basic, due_unseen_surprise, uniq_natasha, uniq_ijyb,
          uniq_sigmund

Skill      XL: |  1  2  3 |
---------------+----------+-----
Air Magic      | 1 |  1.4
Short Blades   | |  0.2
Dodging        | |  1.6
Stealth        | |  3.1
Spellcasting   | |  2.7
Transmutations | |  1.2
Poison Magic   | |  4.7

Action                   |  1- 3 |  4- 6 || total
-------------------------+-------+-------++-------
Melee: Unarmed           |    12 |       ||    12
       Dagger            |     5 |       ||     5
       Short sword       |    18 |     6 ||    24
 Cast: Sting             |     9 |       ||     9
       Poisonous Vapours |    41 |     1 ||    42
Armor: Robe              |     8 |     2 ||    10
Dodge: Dodged            |    21 |     3 ||    24

Table legend: (Time is in decaauts)
 A = Elapsed time spent in this place.
 B = Non-inter-level travel time spent in this place.
 C = Inter-level travel time spent in this place.
 D = Time resting spent in this place.
 E = Time spent auto-exploring this place.
 F = Levels seen in this place.
 G = Mean time per level.
                   A        B        C        D        E       F      G
               +--------+--------+--------+--------+--------+-----+--------+
         Total |   2831 |   2780 |     51 |     60 |   2430 |   3 |  943.7 |
       Dungeon |   2831 |   2780 |     51 |     60 |   2430 |   3 |  943.7 |
               +--------+--------+--------+--------+--------+-----+--------+

Top non-repeatable levels by time:
     D:2: 1355 daAuts
     D:1: 1161 daAuts
     D:3: 314 daAuts
